 Dungeon Crawl Stone Soup version 0.32-a0-607-g64ea0e4219 (webtiles) character file.

Game seed: 16039562737076798696

18 promet the Magician (level 2, -9/16 HPs)
             Began as a Deep Elf Hedge Wizard on Feb 28, 2024.
             Killed by an exploding kobold (22 damage)
             ... ignited by their inner flame
             ... on level 1 of the Dungeon on Mar 3, 2024.
             The game lasted 00:16:15 (881 turns).

promet the Magician (Deep Elf Hedge Wizard)          Turns: 881, Time: 00:16:18

Health: -9/16      AC:  6    Str:  7    XL:     2   Next: 48%
Magic:  6/10       EV: 12    Int: 18    God:
Gold:   44         SH:  0    Dex: 14    Spells: 5/11 levels left

rFire   . . .        a - +0 dagger
rCold   . . .        (no shield)
rNeg    . . .        b - +0 robe
rPois   .            c - +0 hat
rElec   .            (no cloak)
rCorr   .            (no gloves)
SInv    .            (no boots)
Will    .....        (no amulet)
Stlth   ++           f - +4 ring of protection
HPRegen 0.22/turn    (no ring)
MPRegen 0.12/turn

%: no passive effects
@: on blink cooldown, very slightly contaminated
A: no striking features
a: no special abilities


You were on level 1 of the Dungeon.
You visited 1 branch of the dungeon, and saw 1 of its levels.

You collected 44 gold pieces.

Inventory:

Hand Weapons
 a - a +0 dagger (weapon)
Missiles
 e - 15 stones
Armour
 b - a +0 robe (worn)
 c - a +0 hat (worn)
Jewellery
 f - a +4 ring of protection (left hand)
Scrolls
 g - 2 scrolls of immolation
Potions
 h - a potion of attraction {unknown}


   Skills:
 * Level 0.6 Fighting
 + Level 0.2 Short Blades
 + Level 2.4 Dodging
 + Level 2.4 Stealth
 + Level 5.1 Spellcasting
 + Level 1.1 Conjurations
 + Level 1.1 Summonings
 + Level 1.1 Translocations


You had 5 spell levels left.
You knew the following spells:

 Your Spells              Type           Power      Damage    Failure   Level
a - Magic Dart            Conj           32%        1d4       9%          1
b - Slow                  Hex            16%        N/A       13%         1
c - Blink                 Tloc           16%        N/A       13%         2
d - Call Imp              Summ           16%        N/A       12%         2

Your spell library contained the following spells:

 Spells                   Type           Power      Damage    Failure   Level
 Cigotuvi's Dreadful Rot  Necr/Alch/Air  8%         N/A       21%         2
 Mephitic Cloud           Conj/Alch/Air  6%         N/A       32%         3


Dungeon Overview and Level Annotations

Branches:
Dungeon (1/15)

Altars:

Shops:
D:1 [


Message History

Your cerulean imp hits the hobgoblin from afar with a -4 spear.
Casting: Magic Dart (safe; 9% risk of failure)
Confirm with . or Enter, or press ? or * to list all spells.
Aiming: Magic Dart (safe; 9% risk of failure)
Press: ? - help, Shift-Dir - straight line, f/p - hobgoblin
Aim: a hobgoblin (severely wounded, ally target, 100% to hit)
You miscast Magic Dart.
You are very lightly contaminated with residual magic.
Nothing appears to happen.
You hit the hobgoblin.
You kill the hobgoblin!
Your cerulean imp hits the kobold but does no damage.
Your cerulean imp hits the kobold from afar with a -4 spear.
You see here a scroll labelled SUTRYG JAIVIO.
As you read the scroll labelled BOSTUCZIGUNT, it crumbles to dust.
The creatures around you are filled with an inner flame!
It was a scroll of immolation.
Your cerulean imp disappears in a puff of smoke!
Casting: Magic Dart (safe; 9% risk of failure)
Confirm with . or Enter, or press ? or * to list all spells.
A tiny devil pulls itself out of the air.
The kobold barely misses you.
Casting: Call Imp (safe; 12% risk of failure)
Confirm with . or Enter, or press ? or * to list all spells.
You don't have enough magic to cast this spell.
Magic courses through your body. The kobold barely misses you.
Your cerulean imp barely misses the kobold.
Casting: Call Imp (safe; 12% risk of failure)
Confirm with . or Enter, or press ? or * to list all spells.
You miscast Blink.
Nothing appears to happen.
The kobold hits you with a +0 whip.
Your cerulean imp barely misses the kobold.
Casting: Blink (safe; 13% risk of failure)
Confirm with . or Enter, or press ? or * to list all spells.
You blink.
Your cerulean imp hits the kobold from afar with a -4 spear.
The kobold explodes!
The fiery explosion engulfs you!!
Ouch! That really hurt!
You die...

..#..#.#.##...#.#
#.#..#.#.##...#.#
#.#..#...........
#.#..#...........
#.#..#...........
#####.#..#.#.###.....
#.5.....##.#.# #.....
#..§§......#.# #.....
#§§)@..#####.# #.....
#.§..........# ######
###.###.#### #.# .#
#.# .# #.# .# #.# .K
#.


You could see a friendly cerulean imp (summoned).

Vanquished Creatures
  A bat (D:1)
  A hobgoblin (D:1)
  3 jackals (D:1)
  A quokka (D:1)
  2 ball pythons (D:1)
  4 frilled lizards (D:1)
  A kobold (D:1)
  2 rats (D:1)
15 creatures vanquished.

Vanquished Creatures (collateral kills)
  A dart slug (D:1)
  A kobold (D:1)
2 creatures vanquished.

Grand Total: 17 creatures vanquished

Notes
Turn   | Place    | Note
-------+----------+-------------------------------------------
     0 | D:1      | promet the Deep Elf Hedge Wizard began the quest for the
                  | Orb.
     0 | D:1      | Reached XP level 1. HP: 10/10 MP: 7/7
    11 | D:1      | Learned a level 1 spell: Slow
   200 | D:1      | Reached skill level 5 in Spellcasting
   224 | D:1      | Reached XP level 2. HP: 14/15 MP: 3/10
   403 | D:1      | Learned a level 2 spell: Blink
   406 | D:1      | Learned a level 2 spell: Call Imp
   586 | D:1      | Found Wighaxul's Armour Emporium.
   658 | D:1      | Upgraded the game from 0.32-a0-540-g866d13106e to
                  | 0.32-a0-599-gba8f9cf90e
   788 | D:1      | Upgraded the game from 0.32-a0-599-gba8f9cf90e to
                  | 0.32-a0-607-g64ea0e4219
   881 | D:1      | Killed by an exploding kobold... ignited by their inner
                  | flame

Illustrated notes

Levels and vault maps discovered:
D:1:      minmay_arrival_loop, layout_basic, serial_shops, shop,
          shapermc_ecumenical_altar_venn,
          nicolae_concentric_dashed_squares_mild, grunt_decor_junction

Skill      XL: |  1 |
---------------+----+-----
Spellcasting   | 5 |  5.1
Fighting       | |  0.6
Short Blades   | |  0.2
Dodging        | |  2.4
Stealth        | |  2.4
Conjurations   | |  1.1
Summonings     | |  1.1
Translocations | |  1.1

Action                     || total
---------------------------++-------
  Melee: Dagger            ||    26
   Cast: Magic Dart        ||    25
         Slow              ||     3
         Call Imp          ||     3
         Blink             ||     2
    Use: Scroll            ||     1
         Potion            ||     1
   Stab: Sleeping          ||     1
 Armour: Robe              ||    15
  Dodge: Dodged            ||    30

Table legend: (Time is in decaauts)
 A = Elapsed time spent in this place.
 B = Non-inter-level travel time spent in this place.
 C = Inter-level travel time spent in this place.
 D = Time resting spent in this place.
 E = Time spent auto-exploring this place.
 F = Levels seen in this place.
 G = Mean time per level.
                   A        B        C        D        E       F      G
               +--------+--------+--------+--------+--------+-----+--------+
         Total |    880 |    794 |     86 |    406 |    109 |   1 |  880.0 |
       Dungeon |    880 |    794 |     86 |    406 |    109 |   1 |  880.0 |
               +--------+--------+--------+--------+--------+-----+--------+

Top non-repeatable levels by time:
     D:1: 880 daAuts
